 Dungeon Sprint DCSS version 0.17-a0-1719-g1afd5a1 (webtiles) character file.

4295 Kidiri the Cleaver (level 10, 0/93 HPs)
             Began as a Minotaur Gladiator on Aug 28, 2015.
             Was an Elder of Okawaru.
             Slain by a shadow wraith (5 damage)
             ... in the Dungeon (Sprint VII: "The Pits").
             The game lasted 00:10:12 (1370 turns).

Kidiri the Cleaver (Minotaur Gladiator)             Turns: 1370, Time: 00:10:12

Health: 0/93       AC: 21    Str: 23    XL:     10   Next: 11%
Magic:  21/23      EV: 14    Int:  7    God:    Okawaru [****..]
Gold:   0          SH:  0    Dex: 11    Spells: 0 memorised, 9 levels left

rFire  . . .     SeeInvis .     y - +2 war axe of Contention {chop, rElec MP+9 Int+2}
rCold  . . .     Clarity  .     z - +3 plate armour
rNeg   . . .     SustAt   .     (no shield)
rPois  .         Gourm    .     c - +0 hat
rElec  +         Spirit   .     (no cloak)
rCorr  .         Warding  .     (no gloves)
rMut   .         NoTele   +     (no boots)
MR     .....                    (no amulet)
Stlth  ..........               (no ring)
                                (no ring)

@: heroism, slowed, very slow, not resistant to hostile enchantments, extremely
unstealthy
A: retaliatory headbutt, horns 2
a: Heroism, Renounce Religion


You were in the Dungeon.
You worshipped Okawaru.
Okawaru was greatly pleased with you.
You were not hungry.

You visited 1 branch

Inventory:

Hand weapons
 l - a +2 hand axe
 y - the +2 war axe of Contention (weapon) {chop, rElec MP+9 Int+2}
   (You found it in the Dungeon)

   It inflicts extra damage upon your enemies.
   It affects your intelligence (+2).
   It insulates you from electricity.
   It affects your magic capacity (+9).
Missiles
 a - 8 tomahawks of returning
 d - 4 throwing nets (quivered)
 t - 8 curare-tipped needles
Armour
 c - a +0 hat (worn)
 z - a +3 plate armour (worn)
Jewellery
 s - a +3 ring of intelligence
 v - a +3 ring of strength
Scrolls
 k - a scroll of blinking
 p - 3 scrolls of remove curse
 q - 5 scrolls of amnesia
 r - a scroll of summoning
Potions
 f - 6 potions of curing
 g - 9 potions of heal wounds
 h - a potion of haste
 i - 4 potions of magic
 j - 6 potions of berserk rage
 o - 2 potions of invisibility
 w - a potion of resistance
 x - a potion of cure mutation
Comestibles
 b - 3 chunks of flesh
 e - 8 bread rations
 m - 40 fruits
 n - 7 meat rations


   Skills:
 + Level 10.0(15.0) Fighting
 * Level 13.5(18.5) Axes
 + Level 8.4(13.4) Throwing
 * Level 13.0(18.0) Armour
 * Level 12.6(17.6) Dodging
 + Level 7.9 Invocations


You had 9 spell levels left.
You didn't know any spells.

Dungeon Overview and Level Annotations

Branches:
Dungeon (1/1)

Altars:
Ashenzari
Cheibriados
Dithmenos
Elyvilon
Fedhas
Gozag
Kikubaaqudgha
Makhleb
Nemelex Xobeh
Okawaru
Qazlal
Ru
Sif Muna
Trog
Vehumet
Xom
Yredelemnul
Zin
The Shining One
Beogh
Jiyva
Lugonu


Innate Abilities, Weirdness & Mutations

You reflexively headbutt those who attack you in melee.
You have a pair of horns on your head.


Message History

Unknown command.
You slice the flayed ghost!!
You destroy the flayed ghost!
Okawaru accepts your kill.
You have reached level 10!
You slash the two-headed ogre!
The two-headed ogre is severely wounded.
The two-headed ogre hits you with a giant club.
* * * LOW HITPOINT WARNING * * *
The two-headed ogre barely misses you.
You slash the two-headed ogre!
You kill the two-headed ogre!
Okawaru accepts your kill.
Your base Fighting skill increases to level 10!
Your base Armour skill increases to level 13!
Unknown command.
Something hits you!
* * * LOW HITPOINT WARNING * * *
Something drains your vigour!
You feel yourself slow down.
You die...

..##.......##..'..##
####.......##.##..#
.)#############...+
)#############....#
)#....#..[[##..#..##
+#....#..[[##.###..##
(+รท...+..))####.##..#
+#)...#..))###...'..+
.#....#..))##...@#..#
#####################


There were no monsters in sight!

Vanquished Creatures
  2 flayed ghosts (D)
  A manticore (D)
  2 griffons (D)
  A cyclops (D)
  A smoke demon (D)
  A molten gargoyle (D)
  Prince Ribbit (D)
  A two-headed ogre (D)
  A tarantella (D)
  A wolf (D)
  A phantom (D)
  A brain worm (D)
  2 orc wizards (D)
  A gnoll shaman (D)
  An iguana (D)
  An orc priest (D)
  An iron imp (D)
  5 sheep (D)
  An adder (D)
  4 gnolls (D)
  A river rat (D)
  An ufetubus (D)
  An adder skeleton (D)
  3 orcs (D)
  A giant cockroach (D)
  2 jackals (D)
  A bat (D)
  A giant newt (D)
41 creatures vanquished.

Notes
Turn   | Place    | Note
--------------------------------------------------------------
     0 | D        | Kidiri the Minotaur Gladiator began the quest for the Orb.
     0 | D        | Reached XP level 1. HP: 18/18 MP: 0/0
    19 | D        | Reached skill level 4 in Axes
    19 | D        | Reached XP level 2. HP: 18/25 MP: 1/1
    57 | D        | Found a sacrificial altar of Ru.
    57 | D        | Found a basalt altar of Yredelemnul.
    57 | D        | Found a shadowy altar of Dithmenos.
    57 | D        | Found a deep blue altar of Sif Muna.
    57 | D        | Found a burning altar of Makhleb.
    57 | D        | Found a shimmering altar of Xom.
    57 | D        | Found an ancient bone altar of Kikubaaqudgha.
    57 | D        | Found a sparkling altar of Nemelex Xobeh.
    58 | D        | Found a glowing golden altar of the Shining One.
    58 | D        | Found a bloodstained altar of Trog.
    58 | D        | Found a shattered altar of Ashenzari.
    58 | D        | Found a white marble altar of Elyvilon.
    58 | D        | Found a snail-covered altar of Cheibriados.
    58 | D        | Found a blossoming altar of Fedhas.
    58 | D        | Found a radiant altar of Vehumet.
    58 | D        | Found a glowing silver altar of Zin.
    58 | D        | Found a corrupted altar of Lugonu.
    58 | D        | Found a viscous altar of Jiyva.
    58 | D        | Found a roughly hewn altar of Beogh.
    58 | D        | Found an iron altar of Okawaru.
    64 | D        | Found a stormy altar of Qazlal.
    64 | D        | Found an opulent altar of Gozag.
    67 | D        | Became a worshipper of Warmaster Okawaru
   236 | D        | Noticed a brain worm
   241 | D        | Killed a brain worm
   241 | D        | Reached skill level 5 in Axes
   241 | D        | Reached skill level 5 in Dodging
   241 | D        | Reached XP level 3. HP: 28/33 MP: 1/3
   241 | D        | Reached XP level 4. HP: 33/40 MP: 1/4
   295 | D        | Noticed Prince Ribbit
   300 | D        | Reached skill level 6 in Axes
   309 | D        | Killed Prince Ribbit
   309 | D        | Acquired Okawaru's first power
   309 | D        | Reached skill level 5 in Fighting
   309 | D        | Reached skill level 8 in Axes
   309 | D        | Reached XP level 5. HP: 42/49 MP: 4/6
   309 | D        | Reached XP level 6. HP: 48/56 MP: 4/7
   416 | D        | Noticed an iguana
   416 | D        | Noticed an orc wizard
   417 | D        | Noticed a wolf
   417 | D        | Noticed an iron imp
   417 | D        | Noticed an orc priest
   508 | D        | Noticed a phantom
   525 | D        | Killed an orc wizard
   531 | D        | Killed an orc priest
   537 | D        | Killed an iguana
   550 | D        | Killed a wolf
   550 | D        | Reached skill level 9 in Axes
   550 | D        | Reached skill level 5 in Throwing
   550 | D        | Reached XP level 7. HP: 34/64 MP: 9/9
   561 | D        | Killed an iron imp
   587 | D        | Killed a phantom
   729 | D        | Noticed an orc wizard
   742 | D        | Killed an orc wizard
   751 | D        | Noticed a cyclops
   762 | D        | Killed a cyclops
   762 | D        | Reached skill level 10 in Axes
   762 | D        | Reached skill level 5 in Invocations
   762 | D        | Reached XP level 8. HP: 39/73 MP: 9/11
   914 | D        | Noticed a gnoll shaman
   922 | D        | Killed a gnoll shaman
   945 | D        | Noticed a molten gargoyle
   945 | D        | Noticed a griffon
   951 | D        | Reached skill level 10 in Dodging
   956 | D        | Killed a molten gargoyle
   956 | D        | Reached skill level 11 in Axes
   956 | D        | Reached skill level 10 in Armour
   961 | D        | Killed a griffon
   996 | D        | Got the +2 war axe of Contention {chop, rElec MP+9 Int+2}
  1129 | D        | Noticed a smoke demon
  1135 | D        | Killed a smoke demon
  1135 | D        | Reached skill level 12 in Axes
  1135 | D        | Reached XP level 9. HP: 73/82 MP: 12/12
  1157 | D        | Noticed a manticore
  1159 | D        | Noticed a tarantella
  1159 | D        | Noticed a flayed ghost
  1167 | D        | Killed a tarantella
  1167 | D        | Received a gift from Okawaru
  1173 | D        | Killed a flayed ghost
  1173 | D        | Killed a manticore
  1176 | D        | Noticed a griffon
  1186 | D        | Killed a griffon
  1186 | D        | Received a gift from Okawaru
  1186 | D        | Reached skill level 13 in Axes
  1359 | D        | Noticed a flayed ghost
  1359 | D        | Noticed a two-headed ogre
  1368 | D        | Killed a flayed ghost
  1368 | D        | Reached XP level 10. HP: 25/93 MP: 14/14
  1369 | D        | Killed a two-headed ogre
  1369 | D        | Reached skill level 10 in Fighting
  1370 | D        | Slain by a shadow wraith

Vault maps used:
D:        pitsprint

Action                   |  1- 3 |  4- 6 |  7- 9 | 10-12 || total
-------------------------+-------+-------+-------+-------++-------
Melee: War axe           |     4 |       |    32 |     1 ||    37
       Hand axe          |     9 |    44 |    64 |       ||   117
Invok: Heroism           |       |       |     5 |       ||     5
  Use: Potion            |       |     1 |     2 |       ||     3
  Eat: Chunk             |       |       |     2 |       ||     2
